 Dungeon Crawl Stone Soup version 0.19-a0-1277-g7cecae3 (webtiles) character file.

5523 MrRokkomies the Grappler (level 10, -3/91 HPs)
             Began as a Troll Wizard on Aug 30, 2016.
             Was an Elder of Hepliaklqana.
             Slain by a nine-headed hydra (7 damage)
             ... on level 1 of the Lair of Beasts.
             The game lasted 00:19:49 (7471 turns).

MrRokkomies the Grappler (Troll Wizard)             Turns: 7471, Time: 00:19:49

Health: -3/91      AC:  8    Str: 17    XL:     10   Next: 43%
Magic:  12/12      EV:  8    Int: 14    God:    Hepliaklqana [****..]
Gold:   347        SH: 11    Dex: 14    Spells: 4 memorised, 6 levels left

rFire  . . .     SeeInvis +       - Unarmed
rCold  . . .     Gourm    +     A - +1 robe {MR+}
rNeg   . . .     Faith    .     r - +2 shield
rPois  .         Spirit   .     b - +0 hat
rElec  .         Dismiss  .     C - +1 cloak {MR+}
rCorr  .         Reflect  .     (gloves unavailable)
MR     ++...     Harm     .     (boots unavailable)
Stlth  ++........               L - amulet of magic regeneration
                                j - ring of see invisible
                                i - +3 ring of dexterity

@: no status effects
A: unfitting armour, claws 3, fast metabolism 3, gourmand, regeneration 1,
shaggy fur 1, tough skin 2
a: Recall Ancestor, Ancestor Identity, Transference, Idealise, Renounce Religion


You were on level 1 of the Lair of Beasts.
You worshipped Hepliaklqana.
Hepliaklqana was greatly pleased with you.
You were very full.

You visited 3 branches of the dungeon, and saw 10 of its levels.
You also visited: Ossuary.

You collected 474 gold pieces.
You spent 127 gold pieces at shops.

Inventory:

Hand Weapons
 y - a +0 blowgun
Missiles
 B - 4 javelins (quivered)
 G - 13 poisoned needles
Armour
 b - a +0 hat (worn)
 r - a +2 shield (worn)
 A - a +1 robe of magic resistance (worn)
 C - a +1 cloak of magic resistance (worn)
Jewellery
 e - an uncursed ring of resist corrosion
 i - a +3 ring of dexterity (left claw)
 j - a ring of see invisible (right claw)
 L - an amulet of magic regeneration (around neck)
Wands
 E - a wand of enslavement (9/24)
 I - a wand of digging (24/24)
Scrolls
 a - 3 scrolls of identify
 q - 2 scrolls of enchant armour
 s - 2 scrolls of magic mapping
 x - a scroll of enchant weapon
 D - a scroll of teleportation
 F - 4 scrolls of remove curse
 K - a scroll of amnesia {unknown}
Potions
 f - 2 potions of brilliance
 g - 4 potions of curing
 h - 2 potions of heal wounds
 k - a potion of flight
 l - 3 potions of haste
 m - 2 potions of lignification
 n - 2 potions of mutation
 o - 3 potions of might
 t - 4 potions of agility
 u - a potion of magic
 z - 3 potions of ambrosia
Books
 c - a book of Minor Magic

   Spells                             Type                      Level
   a - Magic Dart                     Conjuration                  1
   b - Blink                          Translocation                2
   c - Call Imp                       Summoning                    2
   d - Repel Missiles                 Charms/Air                   2
   e - Slow                           Hexes                        2
   f - Conjure Flame                  Conjuration/Fire             3
   g - Mephitic Cloud                 Conjuration/Poison/Air       3
 J - a Necronomicon

   Spells                             Type                      Level
   a - Haunt                          Necromancy/Summoning         7
   b - Borgnjor's Revivification      Necromancy                   8
   c - Death's Door                   Charms/Necromancy            8
   d - Infestation                    Necromancy                   8
   e - Necromutation                  Transmutation/Necromancy     8
Comestibles
 d - 8 bread rations
 v - 4 beef jerkies
 w - 7 slices of pizza
 H - a meat ration


   Skills:
 - Level 7.3 Fighting
 - Level 1.5 Dodging
 - Level 1.1 Stealth
 * Level 4.6 Shields
 * Level 10.0 Unarmed Combat
 - Level 2.0 Spellcasting
 - Level 0.6 Conjurations
 - Level 4.2 Summonings
 - Level 0.6 Translocations


You had 6 spell levels left.
You knew the following spells:

 Your Spells              Type           Power        Failure   Level  Hunger
a - Magic Dart            Conj           #...         50%         1    ##.....
b - Blink                 Tloc           N/A          75%         2    ###....
c - Call Imp              Summ           ##......     17%         2    ###....
d - Repel Missiles        Chrm/Air       #.....       85%         2    ###....


Dungeon Overview and Level Annotations

Branches:
Dungeon (8/15)             Temple (1/1) D:4            Lair (1/6) D:8

Altars:
Ashenzari
Cheibriados
Dithmenos
Elyvilon
Fedhas
Gozag
Hepliaklqana
Kikubaaqudgha
Makhleb
Nemelex Xobeh
Okawaru
Qazlal
Ru
Sif Muna
Trog
Uskayaw
Vehumet
Xom
Yredelemnul
The Shining One

Shops:
D:4 *[   D:6 ?


Innate Abilities, Weirdness & Mutations

You are too large for most types of armour.
You have claws for hands.
Your metabolism is lightning-fast.
You like to eat raw meat.
Your natural rate of healing is unusually fast.
You are covered in fur. (AC +1)
You have very tough skin. (AC +2)


Message History

You block the eight-headed hydra's attack.
The eight-headed hydra bites you! The eight-headed hydra bites you.
The eight-headed hydra bites you! x2
* * * LOW HITPOINT WARNING * * *
You block the eight-headed hydra's attack.
You tear one of the eight-headed hydra's heads off!
The seven-headed hydra grows two more!
You claw the nine-headed hydra!
The nine-headed hydra is severely wounded.
You block the nine-headed hydra's attack.
The nine-headed hydra bites you.
* * * LOW HITPOINT WARNING * * *
The nine-headed hydra bites you!
* * * LOW HITPOINT WARNING * * *
The nine-headed hydra bites you.
* * * LOW HITPOINT WARNING * * *
The nine-headed hydra bites you!
* * * LOW HITPOINT WARNING * * *
You block the nine-headed hydra's attack.
The nine-headed hydra bites you!
You die...

...#..#.......#
##.#......#..##..
.................
.................
.................
.................
.......<........$
.................
##...####@#..###
#.. #..D......#
#.. #.........#
## ...(........#
....(...........
#...#.).......#.
#...#..##.P#.##
.(. ... ...... ..
.... ......


You could see a nine-headed hydra.

Vanquished Creatures
  Joseph (D:7)
  Grinder (D:5)
  3 blink frogs (D:8)
  Sigmund (D:2)
  A yak (D:7)
  A wraith (Ossuary)
  A human (D:7)
  3 hogs (D:7)
  A black bear (D:8)
  Duvessa (D:5)
  3 orc warriors
  3 ice beasts
  A necrophage (D:5)
  2 ogres
  3 centaurs
  A big kobold (D:7)
  4 giant frogs
  Dowan (D:5)
  3 wights (Ossuary)
  4 crimson imps
  A giant frog zombie (D:6)
  3 hounds
  3 orc priests (D:8)
  A jelly (D:4)
  7 orc wizards
  5 iguanas
  3 giant frog skeletons
  5 worker ants
  A mummy (D:4)
  8 adders
  A gnoll (D:8)
  A shadow imp (D:5)
  A worm (D:1)
  2 dart slugs
  6 giant geckos
  17 orcs
  4 giant cockroaches
  5 goblins
  8 hobgoblins
  14 jackals
  9 kobolds
  5 quokkas
  A ball python (D:5)
  2 ball python skeletons (Ossuary)
  A ball python zombie (D:5)
  9 bats
  7 giant newts
  A hobgoblin skeleton (Ossuary)
  A kobold zombie (Ossuary)
  4 orc zombies (Ossuary)
  8 rats
183 creatures vanquished.

Vanquished Creatures (collateral kills)
  A wraith (Ossuary)
  A hungry ghost (D:6)
  An orc warrior (D:8)
  An ogre (D:5)
  A scorpion (D:6)
  A crimson imp (D:6)
  An iguana (D:4)
  An adder (D:4)
  A shadow imp (D:5)
  A giant gecko (D:5)
  3 orcs
  A giant cockroach (D:4)
  4 kobolds (D:7)
18 creatures vanquished.

Vanquished Creatures (others)
  3 hexers
3 creatures vanquished.

Grand Total: 204 creatures vanquished

Notes
Turn   | Place    | Note
-------+----------+-------------------------------------------
     0 | D:1      | MrRokkomies the Troll Wizard began the quest for the Orb.
     0 | D:1      | Reached XP level 1. HP: 16/16 MP: 2/2
   129 | D:1      | Reached skill level 1 in Fighting
   149 | D:1      | Reached XP level 2. HP: 27/27 MP: 4/4
   156 | D:1      | Reached skill level 1 in Unarmed Combat
   486 | D:1      | Reached skill level 2 in Unarmed Combat
   632 | D:2      | Reached XP level 3. HP: 16/33 MP: 5/5
   668 | D:2      | Learned a level 2 spell: Blink
   671 | D:2      | Learned a level 2 spell: Call Imp
   776 | D:2      | Noticed Sigmund
   796 | D:2      | Killed Sigmund
   796 | D:2      | Reached skill level 3 in Unarmed Combat
   796 | D:2      | Reached skill level 1 in Summonings
   796 | D:2      | Reached XP level 4. HP: 22/44 MP: 2/6
   796 | D:2      | Reached XP level 5. HP: 25/50 MP: 2/7
  1367 | D:3      | Found a shimmering altar of Xom.
  1367 | D:3      | Found a sacrificial altar of Ru.
  1540 | D:3      | Reached XP level 6. HP: 59/61 MP: 8/8
  2030 | D:3      | Reached skill level 4 in Unarmed Combat
  2042 | D:3      | Found a stormy altar of Qazlal.
  2130 | D:4      | Got a bloodstained whip
  2131 | D:4      | Identified the cursed +1 whip "Xobyot" {slash, Fragile rN++ Dex+4 SInv} (You found it on level 4 of the Dungeon)
  2163 | D:4      | Found a staircase to the Ecumenical Temple.
  2173 | Temple   | Entered the Ecumenical Temple
  2366 | Temple   | Became a worshipper of Hepliaklqana
  2555 | D:4      | Found a shadowy altar of Dithmenos.
  2626 | D:4      | Found a sand-covered staircase.
  2637 | Ossuary  | Entered an ossuary
  2727 | Ossuary  | Reached XP level 7. HP: 45/61 MP: 9/9
  2765 | Ossuary  | Noticed a flying skull
  2765 | Ossuary  | Noticed a wraith
  2797 | Ossuary  | Noticed a flying skull
  2805 | Ossuary  | Noticed a wraith
  2812 | Ossuary  | Killed a wraith
  2812 | Ossuary  | Reached skill level 5 in Unarmed Combat
  2816 | Ossuary  | Noticed a flying skull
  2816 | Ossuary  | Noticed a flying skull
  2824 | Ossuary  | Noticed a wraith
  2831 | Ossuary  | Killed a wraith
  3174 | D:4      | Found Ihamempeff's Antique Armour Shop.
  3198 | D:4      | Bought an embroidered cloak for 99 gold pieces
  3229 | D:4      | Reached * piety under Hepliaklqana
  3285 | D:4      | Reached XP level 8. HP: 45/71 MP: 10/10
  3399 | D:4      | Found Nuwk's General Store.
  3460 | D:5      | Entered Level 5 of the Dungeon
  3468 | D:5      | Reached skill level 5 in Fighting
  3468 | D:5      | Reached skill level 6 in Unarmed Combat
  4166 | D:5      | Noticed Dowan
  4167 | D:5      | Noticed Duvessa
  4181 | D:5      | Killed Duvessa
  4186 | D:5      | Killed Dowan
  4315 | D:5      | Reached ** piety under Hepliaklqana
  4316 | D:5      | Remembered your ancestor Servia as a hexer
  4354 | D:5      | Noticed Grinder
  4364 | D:5      | Killed Grinder
  4370 | D:5      | Reached skill level 7 in Unarmed Combat
  4739 | D:6      | Reached XP level 9. HP: 79/79 MP: 11/11
  4844 | D:6      | Found Ytzepsev's Magic Scroll Shop.
  4853 | D:6      | Bought a scroll of identify for 28 gold pieces
  4864 | D:6      | Learned a level 2 spell: Repel Missiles
  5105 | D:6      | Found an opulent altar of Gozag.
  5175 | D:6      | Found an ancient bone altar of Kikubaaqudgha.
  5387 | D:7      | Reached *** piety under Hepliaklqana
  5404 | D:7      | Noticed Joseph
  5427 | D:7      | Killed Joseph
  5427 | D:7      | Reached skill level 8 in Unarmed Combat
  5713 | D:7      | Reached skill level 1 in Shields
  5757 | D:7      | Reached skill level 9 in Unarmed Combat
  6276 | D:7      | Reached XP level 10. HP: 82/91 MP: 12/12
  7113 | D:8      | Reached **** piety under Hepliaklqana
  7163 | D:8      | Found a staircase to the Lair.
  7231 | D:8      | Reached skill level 10 in Unarmed Combat
  7461 | Lair:1   | Entered Level 1 of the Lair of Beasts
  7463 | Lair:1   | Noticed a seven-headed hydra
  7471 | Lair:1   | HP: 4/91 [nine-headed hydra (7)]
  7471 | Lair:1   | Slain by a nine-headed hydra

Vault maps used:
D:1:      evilmike_arrival_run_for_it
D:2:      uniq_sigmund
D:3:      lemuel_coloured_pillars_altar, gammafunk_temple_overflow_wave
D:4:      lemuel_doored_altar, gup_ossuary_entry_pyramid, serial_shops,
          nicolae_shop_behind_doors, nicolae_shop_trees
D:5:      first_bread, uniq_duvessa, uniq_grinder
D:6:      nicolae_overflow_hidden_temple, grunt_gozag_breadcrumbs,
          kiku_gazebo_garden_becter, serial_shops, shop_scrolls,
          minmay_misc_feat_tower
D:7:      grunt_livestock, uniq_joseph
D:8:      dpeg_lair_monsters, minmay_orc_keep
Temple:   dpeg_chambers_temple
Ossuary:  ossuary_due_cavern

Skill      XL: |  1  2  3  4  5  6  7  8  9 10 |
---------------+-------------------------------+-----
Fighting       | 1 2 3 4 6 7 |  7.3
Unarmed Combat | 2 3 4 5 7 9 10 | 10.0
Summonings     | 1 2 3 4 |  4.2
Shields        | 2 4 |  4.6
Dodging        | |  1.5
Stealth        | |  1.1
Spellcasting   | |  2.0
Conjurations   | |  0.6
Translocations | |  0.6

Action                   |  1- 3 |  4- 6 |  7- 9 | 10-12 || total
-------------------------+-------+-------+-------+-------++-------
Melee: Unarmed           |   115 |   207 |   284 |    98 ||   704
       Punch             |       |     2 |     7 |       ||     9
Throw: Javelin           |       |       |     1 |     4 ||     5
Invok: Ancestor Life: He |       |       |     1 |       ||     1
       Recall Ancestor   |       |       |     1 |       ||     1
  Use: Scroll            |       |     2 |    21 |       ||    23
       Potion            |       |     2 |     1 |       ||     3
 Stab: Sleeping          |       |     6 |       |     1 ||     7
       Confused          |       |       |       |     4 ||     4
       Distracted        |       |       |       |     1 ||     1
  Eat: Chunk             |     5 |    26 |    29 |    13 ||    73
       Meat ration       |       |       |     1 |       ||     1
Armor: Robe              |    72 |    62 |    66 |    13 ||   213
Dodge: Dodged            |    73 |   110 |   104 |    24 ||   311
Block: Shield            |       |       |    35 |    63 ||    98
